TOP OF THE 1ST |
Los Angeles (NYP) Dodgers batting - Pitching for Rome Braves : RHP Gabe Fillmore
|
Pitching: RHP Gabe Fillmore
|
|
Batting: SHB Alex Noval
|
0-0: Ball 1-0: Ground out U3 (Groundball, 3L, EV 96.9 MPH)
|
Batting: RHB Adam Maczko
|
0-0: Ball 1-0: Ball 2-0: Called Strike 2-1: Ball 3-1: Called Strike 3-2: Base on Balls
|
Batting: RHB Tommy Hunter
|
0-0: Ball 1-0: Ball 2-0: Ball 3-0: Base on Balls Adam Maczko to second
|
Batting: RHB Juan Gallegos
|
0-0: Foul Ball, location: 2F 0-1: Foul Ball, location: 2F 0-2: Strikes out looking
|
Batting: RHB Brad Brady
|
0-0: Ball 1-0: Ball 2-0: Foul Ball, location: 2F 2-1: Fielders Choice at 2nd, 6-4 (Groundball, 6, EV 82.5 MPH)
|
Top of the 1st over - 0 runs, 0 hits, 0 errors, 2 left on base; Los Angeles (NYP) 0 - Rome 0 |
BOTTOM OF THE 1ST |
Rome Braves batting - Pitching for Los Angeles (NYP) Dodgers : RHP Willie Alvarado
|
Pitching: RHP Willie Alvarado
|
|
Batting: LHB Ricardo Sandoval
|
0-0: Called Strike 0-1: Ball 1-1: Ball 2-1: Foul Ball, location: 2F 2-2: Strikes out swinging
|
Batting: RHB Tony Cabrera
|
0-0: Ball 1-0: Foul Ball, location: 2F 1-1: Foul Ball, location: 2F 1-2: Ground out 5-3 (Groundball, 56, EV 107.5 MPH)
|
Batting: LHB Tamaichi Sasada
|
0-0: Ball 1-0: Called Strike 1-1: Foul Ball, location: 2F 1-2: Ball 2-2: Ground out 4-3 (Groundball, 34, EV 78.1 MPH)
|
Bottom of the 1st over - 0 runs, 0 hits, 0 errors, 0 left on base; Los Angeles (NYP) 0 - Rome 0 |
TOP OF THE 2ND |
Los Angeles (NYP) Dodgers batting - Pitching for Rome Braves : RHP Gabe Fillmore
|
Batting: RHB Alex Mejia
|
0-0: DOUBLE (Line Drive, 89XD, EV 107.5 MPH)
|
Batting: LHB Bobby Gambrell
|
0-0: Swinging Strike 0-1: Called Strike 0-2: SINGLE (Groundball, 34D, EV 98.8 MPH) Alex Mejia to third
|
Batting: RHB Bob Magana
|
0-0: Called Strike 0-1: Ball Bobby Gambrell is caught stealing 2nd base 2-4 1-1: Ball 2-1: Foul Ball, location: 2F 2-2: Strikes out looking
|
Batting: SHB Josh Vaill
|
0-0: Ball 1-0: DOUBLE (Flyball, 8RXD, EV 108.8 MPH) Alex Mejia scores
|
Batting: SHB Alex Noval
|
0-0: Swinging Strike 0-1: Called Strike 0-2: Foul Ball, location: 2F 0-2: Strikes out swinging
|
Top of the 2nd over - 1 run, 3 hits, 0 errors, 1 left on base; Los Angeles (NYP) 1 - Rome 0 |
BOTTOM OF THE 2ND |
Rome Braves batting - Pitching for Los Angeles (NYP) Dodgers : RHP Willie Alvarado
|
Batting: RHB Manny Hensley
|
0-0: Called Strike 0-1: Ball 1-1: Ground out 4-3 (Groundball, 4M, EV 103.1 MPH)
|
Batting: RHB Dave Pizarro
|
0-0: Called Strike 0-1: Ball 1-1: Called Strike 1-2: Ball 2-2: Foul Ball, location: 2F 2-2: Strikes out swinging
|
Batting: RHB Gebre-Giorgios Wangondu
|
0-0: Foul Ball, location: 2F 0-1: Ball 1-1: Swinging Strike 1-2: TRIPLE (Flyball, 78XD, EV 93.1 MPH)
|
Batting: RHB Yutaka Yamane
|
0-0: Called Strike 0-1: Ground out U3 (Groundball, 34, EV 83.8 MPH)
|
Bottom of the 2nd over - 0 runs, 1 hit, 0 errors, 1 left on base; Los Angeles (NYP) 1 - Rome 0 |
TOP OF THE 3RD |
Los Angeles (NYP) Dodgers batting - Pitching for Rome Braves : RHP Gabe Fillmore
|
Batting: RHB Adam Maczko
|
0-0: Called Strike 0-1: Ball 1-1: Foul Ball, location: 2F 1-2: Foul Ball, location: 2F 1-2: Strikes out looking
|
Batting: RHB Tommy Hunter
|
0-0: Ball 1-0: Ball 2-0: Swinging Strike 2-1: SINGLE (Groundball, 6M, EV 104.4 MPH)
|
Batting: RHB Juan Gallegos
|
0-0: Called Strike Tommy Hunter is caught stealing 2nd base 2-4 0-1: Ball 1-1: Ball 2-1: Foul Ball, location: 2F 2-2: Ball 3-2: Reached on error, E5 (Groundball, 5, EV 86.2 MPH)
|
Batting: RHB Brad Brady
|
0-0: Called Strike 0-1: Foul Ball, location: 2F 0-2: Ball 1-2: Strikes out swinging
|
Top of the 3rd over - 0 runs, 1 hit, 1 error, 1 left on base; Los Angeles (NYP) 1 - Rome 0 |
BOTTOM OF THE 3RD |
Rome Braves batting - Pitching for Los Angeles (NYP) Dodgers : RHP Willie Alvarado
|
Batting: RHB Alex Campos
|
0-0: Ball 1-0: Called Strike 1-1: Ball 2-1: Foul Ball, location: 2F 2-2: Foul Ball, location: 2F 2-2: Ball 3-2: Strikes out looking
|
Batting: LHB Jason Herr
|
0-0: Called Strike 0-1: Called Strike 0-2: Ground out U3 (Groundball, 34, EV 101.9 MPH)
|
Batting: LHB Ricardo Sandoval
|
0-0: Ground out U3 (Groundball, 3S, EV 78.1 MPH)
|
Bottom of the 3rd over - 0 runs, 0 hits, 0 errors, 0 left on base; Los Angeles (NYP) 1 - Rome 0 |
TOP OF THE 4TH |
Los Angeles (NYP) Dodgers batting - Pitching for Rome Braves : RHP Gabe Fillmore
|
Batting: RHB Alex Mejia
|
0-0: DOUBLE (Flyball, 78D, EV 105.6 MPH)
|
Batting: LHB Bobby Gambrell
|
0-0: Ball 1-0: Swinging Strike 1-1: Ball 2-1: Ball 3-1: Base on Balls
|
Batting: RHB Bob Magana
|
0-0: Ball Wild Pitch! Alex Mejia to third Bobby Gambrell to second 1-0: Called Strike 1-1: Foul Ball, location: 2F 1-2: Ball 2-2: Ground out 5-3 (Groundball, 56, EV 101.2 MPH) Alex Mejia scores
|
Batting: SHB Josh Vaill
|
0-0: Ground out U3 (Groundball, 3S, EV 61.9 MPH) Bobby Gambrell to third
|
Batting: SHB Alex Noval
|
0-0: Called Strike 0-1: Ball 1-1: Fly out, F8 (Flyball, 8LM, EV 72.5 MPH)
|
Top of the 4th over - 1 run, 1 hit, 0 errors, 1 left on base; Los Angeles (NYP) 2 - Rome 0 |
BOTTOM OF THE 4TH |
Rome Braves batting - Pitching for Los Angeles (NYP) Dodgers : RHP Willie Alvarado
|
Batting: RHB Tony Cabrera
|
0-0: Swinging Strike 0-1: Foul Ball, location: 2F 0-2: Ball 1-2: Foul Ball, location: 2F 1-2: Ball 2-2: SINGLE (Groundball, 6MS, EV 86.2 MPH) (infield hit)
|
Batting: LHB Tamaichi Sasada
|
0-0: Called Strike Tony Cabrera steals 2nd base 0-1: Foul Ball, location: 2F 0-2: Ball 1-2: Strikes out looking
|
Batting: RHB Manny Hensley
|
0-0: Called Strike Tony Cabrera is caught stealing 3rd base 2-5 0-1: Ball 1-1: Fly out, F8 (Flyball, 89M, EV 90.0 MPH)
|
Bottom of the 4th over - 0 runs, 1 hit, 0 errors, 0 left on base; Los Angeles (NYP) 2 - Rome 0 |
TOP OF THE 5TH |
Los Angeles (NYP) Dodgers batting - Pitching for Rome Braves : RHP Gabe Fillmore
|
Batting: RHB Adam Maczko
|
0-0: Ball 1-0: Called Strike 1-1: Ground out 6-3 (Groundball, 6D, EV 80.6 MPH)
|
Batting: RHB Tommy Hunter
|
0-0: Ball 1-0: Foul Ball, location: 2F 1-1: SINGLE (Groundball, 6MD, EV 98.8 MPH)
|
Batting: RHB Juan Gallegos
|
0-0: Ground out 4-3 (Groundball, 34S, EV 90.6 MPH) Tommy Hunter to second
|
Batting: RHB Brad Brady
|
0-0: SINGLE (Groundball, 4MD, EV 94.4 MPH) Tommy Hunter to third Runner from 3rd tries for Home, SAFE, throw by CF to home
|
Batting: RHB Alex Mejia
|
0-0: Called Strike 0-1: Ball 1-1: Ball 2-1: Foul Ball, location: 2F 2-2: Ground out 5-3 (Groundball, 56, EV 84.4 MPH)
|
Top of the 5th over - 1 run, 2 hits, 0 errors, 1 left on base; Los Angeles (NYP) 3 - Rome 0 |
BOTTOM OF THE 5TH |
Rome Braves batting - Pitching for Los Angeles (NYP) Dodgers : RHP Willie Alvarado
|
Batting: RHB Dave Pizarro
|
0-0: Ball 1-0: Called Strike 1-1: Swinging Strike 1-2: Strikes out swinging
|
Batting: RHB Gebre-Giorgios Wangondu
|
0-0: Ball 1-0: Ground out U3 (Groundball, 3L, EV 105.6 MPH)
|
Batting: RHB Yutaka Yamane
|
0-0: Ground out 6-3 (Groundball, 56, EV 83.1 MPH)
|
Bottom of the 5th over - 0 runs, 0 hits, 0 errors, 0 left on base; Los Angeles (NYP) 3 - Rome 0 |
TOP OF THE 6TH |
Los Angeles (NYP) Dodgers batting - Pitching for Rome Braves : RHP Gabe Fillmore
|
Batting: LHB Bobby Gambrell
|
0-0: Ball 1-0: Ball 2-0: Fly out, F8 (Flyball, 8LM, EV 86.9 MPH)
|
Batting: RHB Bob Magana
|
0-0: Called Strike 0-1: Foul Ball, location: 2F 0-2: Foul Ball, location: 2F 0-2: Ball 1-2: SINGLE (Groundball, 4MD, EV 86.9 MPH) (infield hit)
|
Batting: SHB Josh Vaill
|
0-0: Ball Wild Pitch! Bob Magana to second 1-0: Called Strike 1-1: Ball 2-1: Fly out, F9 (Flyball, 89D, EV 100.6 MPH)
|
Pitching: RHP Seriozha Darzinsh
|
|
Batting: SHB Alex Noval
|
0-0: Swinging Strike 0-1: Ball 1-1: Ball 2-1: Ball 3-1: Foul Ball, location: 2F 3-2: Strikes out looking
|
Top of the 6th over - 0 runs, 1 hit, 0 errors, 1 left on base; Los Angeles (NYP) 3 - Rome 0 |
BOTTOM OF THE 6TH |
Rome Braves batting - Pitching for Los Angeles (NYP) Dodgers : RHP Willie Alvarado
|
Batting: RHB Alex Campos
|
0-0: Called Strike 0-1: Ball 1-1: Swinging Strike 1-2: Ball 2-2: Fly out, F8 (Flyball, 8RM, EV 84.4 MPH)
|
Batting: LHB Jason Herr
|
0-0: Called Strike 0-1: Swinging Strike 0-2: Strikes out swinging
|
Batting: LHB Ricardo Sandoval
|
0-0: Ball 1-0: Foul Ball, location: 2F 1-1: Called Strike 1-2: Strikes out swinging
|
Bottom of the 6th over - 0 runs, 0 hits, 0 errors, 0 left on base; Los Angeles (NYP) 3 - Rome 0 |
TOP OF THE 7TH |
Los Angeles (NYP) Dodgers batting - Pitching for Rome Braves : RHP Seriozha Darzinsh
|
Batting: RHB Adam Maczko
|
0-0: Called Strike 0-1: Ball 1-1: Foul Ball, location: 2F 1-2: Foul Ball, location: 2F 1-2: Foul Ball, location: 2F 1-2: Ball 2-2: Ball 3-2: Ground out 5-3 (Groundball, 5, EV 93.1 MPH)
|
Batting: RHB Tommy Hunter
|
0-0: Ball 1-0: Swinging Strike 1-1: Ball 2-1: Foul Ball, location: 2F 2-2: Strikes out swinging
|
Batting: RHB Juan Gallegos
|
0-0: Ball 1-0: Ball 2-0: Foul Ball, location: 2F 2-1: Foul Ball, location: 2F 2-2: Ball 3-2: Strikes out swinging
|
Top of the 7th over - 0 runs, 0 hits, 0 errors, 0 left on base; Los Angeles (NYP) 3 - Rome 0 |
BOTTOM OF THE 7TH |
Rome Braves batting - Pitching for Los Angeles (NYP) Dodgers : RHP Willie Alvarado
|
Batting: RHB Tony Cabrera
|
0-0: Swinging Strike 0-1: Ground out U3 (Groundball, 34S, EV 78.8 MPH)
|
Batting: LHB Tamaichi Sasada
|
0-0: Foul Ball, location: 2F 0-1: SINGLE (Line Drive, 4D, EV 99.4 MPH)
|
Batting: RHB Manny Hensley
|
0-0: Called Strike 0-1: Ball 1-1: Fielders Choice at 2nd, 6-4 (Groundball, 56, EV 100.0 MPH)
|
Batting: RHB Dave Pizarro
|
0-0: SINGLE (Groundball, 6S, EV 64.4 MPH) (infield hit) Manny Hensley to second
|
Batting: RHB Gebre-Giorgios Wangondu
|
0-0: Ball 1-0: Called Strike 1-1: Ball 2-1: Ball 3-1: Base on Balls Manny Hensley to third Dave Pizarro to second
|
Batting: RHB Yutaka Yamane
|
0-0: Called Strike 0-1: Ball 1-1: Ball 2-1: Ball 3-1: Foul Ball, location: 2F 3-2: Foul Ball, location: 2F 3-2: Strikes out swinging
|
Bottom of the 7th over - 0 runs, 2 hits, 0 errors, 3 left on base; Los Angeles (NYP) 3 - Rome 0 |
TOP OF THE 8TH |
Los Angeles (NYP) Dodgers batting - Pitching for Rome Braves : RHP Seriozha Darzinsh
|
Batting: RHB Brad Brady
|
0-0: Called Strike 0-1: SINGLE (Line Drive, 4MD, EV 99.4 MPH)
|
Batting: RHB Alex Mejia
|
0-0: Called Strike Brad Brady is caught stealing 2nd base 2-4 0-1: DOUBLE (Line Drive, 78D, EV 111.9 MPH)
|
Pitching: LHP Tyler Portier
|
|
Batting: LHB Bobby Gambrell
|
0-0: Ball 1-0: Ball 2-0: Ground out 6-3 (Groundball, 6, EV 88.1 MPH) Alex Mejia to third
|
Batting: RHB Bob Magana
|
0-0: Ball 1-0: Ball 2-0: SINGLE (Groundball, 34D, EV 106.9 MPH) Alex Mejia scores
|
Batting: SHB Josh Vaill
|
0-0: Ball 1-0: Ball 2-0: Ball 3-0: Base on Balls Bob Magana to second
|
Batting: SHB Alex Noval
|
0-0: Ball 1-0: Ball 2-0: Foul Ball, location: 2F 2-1: Foul Ball, location: 2F 2-2: Strikes out swinging
|
Top of the 8th over - 1 run, 3 hits, 0 errors, 2 left on base; Los Angeles (NYP) 4 - Rome 0 |
BOTTOM OF THE 8TH |
Rome Braves batting - Pitching for Los Angeles (NYP) Dodgers : RHP Willie Alvarado
|
Pitching: RHP Balinda Msrah
|
|
Batting: RHB Alex Campos
|
0-0: Called Strike 0-1: Ball 1-1: Foul Ball, location: 2F 1-2: Ball 2-2: SINGLE (Groundball, 56, EV 101.9 MPH) (infield hit)
|
Batting: LHB Jason Herr
|
0-0: Swinging Strike 0-1: Foul Ball, location: 2F 0-2: Strikes out swinging
|
Batting: LHB Ricardo Sandoval
|
0-0: Ball 1-0: 2-RUN HOME RUN (Flyball, 89XD, EV 103.8 MPH), Distance : 399 ft
|
Batting: RHB Tony Cabrera
|
0-0: Ball 1-0: Foul Ball, location: 2F 1-1: Called Strike 1-2: Ball 2-2: Foul Ball, location: 2F 2-2: Foul Ball, location: 2F 2-2: Ground out 5-3 (Groundball, 5S, EV 86.2 MPH)
|
Batting: LHB Tamaichi Sasada
|
0-0: Foul Ball, location: 2F 0-1: DOUBLE (Flyball, 89D, EV 102.5 MPH)
|
Batting: RHB Manny Hensley
|
0-0: Ball 1-0: Fly out, F7 (Flyball, 7S, EV 82.5 MPH)
|
Bottom of the 8th over - 2 runs, 3 hits, 0 errors, 1 left on base; Los Angeles (NYP) 4 - Rome 2 |
TOP OF THE 9TH |
Los Angeles (NYP) Dodgers batting - Pitching for Rome Braves : LHP Tyler Portier
|
Batting: RHB Adam Maczko
|
0-0: SINGLE (Groundball, 3S, EV 69.4 MPH) (infield hit)
|
Batting: RHB Tommy Hunter
|
0-0: Ball 1-0: Called Strike 1-1: Ball 2-1: Foul Ball, location: 2F 2-2: DOUBLE (Line Drive, 7LS, EV 90.6 MPH) Adam Maczko to third
|
Batting: RHB Juan Gallegos
|
0-0: Called Strike 0-1: SINGLE (Line Drive, 6D, EV 94.4 MPH) Adam Maczko scores Tommy Hunter to third
|
Batting: RHB Brad Brady
|
0-0: Called Strike 0-1: Ground out 5-3 (Groundball, 56, EV 98.1 MPH) Tommy Hunter scores Juan Gallegos to second
|
Batting: RHB Alex Mejia
|
0-0: Ball 1-0: Called Strike 1-1: Called Strike 1-2: Strikes out swinging
|
Batting: LHB Bobby Gambrell
|
0-0: Foul Ball, location: 2F 0-1: Foul Ball, location: 2F 0-2: Ball 1-2: Ball 2-2: Strikes out swinging
|
Top of the 9th over - 2 runs, 3 hits, 0 errors, 1 left on base; Los Angeles (NYP) 6 - Rome 2 |
BOTTOM OF THE 9TH |
Rome Braves batting - Pitching for Los Angeles (NYP) Dodgers : RHP Balinda Msrah
|
Batting: RHB Dave Pizarro
|
0-0: Swinging Strike 0-1: Ball 1-1: SINGLE (Groundball, 6S, EV 70.0 MPH) (infield hit)
|
Batting: RHB Gebre-Giorgios Wangondu
|
0-0: Foul Ball, location: 2F 0-1: Called Strike 0-2: Ball 1-2: SINGLE (Groundball, 56D, EV 103.1 MPH) Dave Pizarro to second
|
Pitching: RHP Jared Wisham
|
|
Batting: RHB Yutaka Yamane
|
0-0: Called Strike 0-1: Called Strike 0-2: Strikes out looking
|
Batting: RHB Alex Campos
|
0-0: Called Strike 0-1: Called Strike 0-2: Ball 1-2: Foul Ball, location: 2F 1-2: Strikes out looking
|
Batting: LHB Jason Herr
|
0-0: Called Strike 0-1: Ball 1-1: Foul Ball, location: 2F 1-2: Ball 2-2: Ball 3-2: Strikes out swinging
|
Bottom of the 9th over - 0 runs, 2 hits, 0 errors, 2 left on base; Los Angeles (NYP) 6 - Rome 2 |
|